 Dungeon Crawl Stone Soup version 0.23.2-40-g277498a001 (webtiles) character file.

Game seed: 6362505180321315484

1403 Martska the Cleaver (level 8, -1/74 HPs)
             Began as a Hill Orc Fighter on Oct 2, 2019.
             Was a Follower of Makhleb.
             Slain by an orc warrior
             ... wielding a +0 morningstar
              (11 damage)
             ... on level 6 of the Dungeon.
             The game lasted 00:16:57 (6871 turns).

Martska the Cleaver (Hill Orc Fighter)              Turns: 6871, Time: 00:17:01

Health: -1/74      AC: 12    Str: 20    XL:     8   Next: 69%
Magic:  0/8        EV:  4    Int:  8    God:    Makhleb [*.....]
Gold:   260        SH: 10    Dex: 11    Spells: 7/7 levels left

rFire    . . .     SeeInvis .   a - +0 war axe
rCold    + . .     Gourm    .   c - +0 shield
rNeg     . . .     Faith    .   z - +0 plate armour
rPois    .         Spirit   +   (no helmet)
rElec    .         Reflect  .   (no cloak)
rCorr    .         Harm     .   (no gloves)
MR       .....                  (no boots)
Stlth    ..........             p - amulet of guardian spirit
HPRegen  0.22/turn              v - ring of protection from cold
MPRegen  0.11/turn              (no ring)

@: no status effects
A: no striking features
a: Renounce Religion


You were on level 6 of the Dungeon.
You worshipped Makhleb.
Makhleb was aware of your devotion.
You were not hungry.

You visited 1 branch of the dungeon, and saw 6 of its levels.

You collected 260 gold pieces.

Inventory:

Hand Weapons
 a - a +0 war axe (weapon)
 u - the +6 whip of Excruciating Pain {elec, -Tele +Fly rElec rF+++, unknown}
   (You found it on level 4 of the Dungeon)

   Occasionally, upon striking a foe, it will discharge some electrical energy
   and cause terrible harm.
   It renders you almost immune to fire.
   It insulates you from electricity.
   It lets you fly.
   It prevents most forms of teleportation.
 y - a +2 scythe of protection
Armour
 b - a +0 scale mail
 c - a +0 shield (worn)
 r - a +0 shield
 z - a +0 plate armour (worn)
Jewellery
 p - an amulet of guardian spirit (around neck)
 v - a ring of protection from cold (left hand)
Scrolls
 e - 2 scrolls of blinking {unknown}
 h - a scroll of teleportation {unknown}
 k - a scroll of amnesia {unknown}
 n - 2 scrolls of magic mapping {unknown}
 s - 2 scrolls of fear {unknown}
 t - 4 scrolls of identify {unknown}
 w - a scroll of enchant weapon {unknown}
Potions
 d - 3 potions of might
 g - a potion of invisibility {unknown}
 i - a potion of cancellation {unknown}
 j - a potion of berserk rage {unknown}
 l - 2 potions of heal wounds {unknown}
 m - 2 potions of resistance {unknown}
 o - 4 potions of degeneration {unknown}
 q - 5 potions of curing {unknown}
 x - a potion of ambrosia {unknown}
 A - a potion of flight {unknown}
Comestibles
 f - 3 rations


   Skills:
 * Level 8.0 Fighting
 * Level 8.3 Axes
 + Level 5.7 Armour
 + Level 5.6 Shields


You had 7 spell levels left.
You didn't know any spells.
Your spell library was empty.

Dungeon Overview and Level Annotations

Branches:
Dungeon (6/15)
 Temple: D:4-7

Altars:
Ashenzari
Cheibriados
Elyvilon
Kikubaaqudgha
Makhleb
Vehumet

Shops:
D:4 *   D:5 :

Annotations:
D:3 Grinder


Message History

The orc warrior hits you with a +0 morningstar!
You block the orc wizard's attack. You block the orc warrior's attack.
The orc completely misses you.
You slash the orc wizard!
The orc wizard is severely wounded.
You hit the orc warrior but do no damage.
You closely miss the orc warrior.
The orc warrior hits you with a +0 morningstar!
* * * LOW HITPOINT WARNING * * *
The orc wizard points at you and mumbles some strange words.
The puff of flame hits you!
* * * LOW HITPOINT WARNING * * *
You block the orc warrior's attack. You block the orc's attack.
Your shield and plate armour prevent you from hitting the orc wizard.
The orc wizard is severely wounded.
You hit the orc warrior.
You hit the orc warrior but do no damage.
You block the orc wizard's attack.
The orc warrior hits you with a +0 morningstar!
You die...

#o ##.....####. #.#
#.......#... .####..
##.....#...##
.......#####(.....##.###
...........(.....##..†..
..#.......(......#..##..
....#....(.........####.
#....oo(..........# ##
##...)@...#####...# #
###.)o).## #....## ##
#...o..# #.....###.
#.......# #.####...#
.......... ... ##..#
#..............# #..#
##.......#####.. ##.#
...#.>..# ##...####...
##.........#.


You could see 2 orc warriors, an orc wizard and an orc.

Vanquished Creatures
  Sigmund (D:5)
  An ice beast (D:4)
  2 ogres
  A bullfrog (D:6)
  A scorpion (D:4)
  2 crimson imps
  A jelly (D:6)
  5 orc wizards
  2 orc priests
  4 hounds
  2 bullfrog skeletons
  Crazy Yiuf (D:4)
  2 worker ants
  2 iguanas (D:4)
  A hound zombie (D:6)
  8 adders
  3 river rats (D:5)
  A shadow imp (D:6)
  An adder skeleton (D:4)
  A worm (D:2)
  3 dart slugs
  4 leopard geckos
  12 orcs
  6 bats
  3 giant cockroaches
  7 goblins
  11 hobgoblins
  14 jackals
  6 kobolds
  5 quokkas
  2 ball pythons (D:2)
  5 frilled lizards
  26 rats
146 creatures vanquished.

Notes
Turn   | Place    | Note
-------+----------+-------------------------------------------
     0 | D:1      | Martska the Hill Orc Fighter began the quest for the Orb.
     0 | D:1      | Reached XP level 1. HP: 19/19 MP: 1/1
    97 | D:1      | Reached XP level 2. HP: 27/27 MP: 2/2
   345 | D:1      | Reached XP level 3. HP: 31/33 MP: 3/3
  1255 | D:2      | Reached XP level 4. HP: 37/41 MP: 4/4
  2177 | D:3      | Noticed Grinder
  2185 | D:3      | Paralysed by Grinder for 4 turns
  2191 | D:3      | Paralysed by Grinder for 5 turns
  3033 | D:3      | Reached XP level 5. HP: 47/47 MP: 5/5
  3443 | D:3      | Paralysed by Grinder for 3 turns
  3779 | D:4      | Reached skill level 5 in Fighting
  3896 | D:4      | Found a shattered altar of Ashenzari.
  3949 | D:4      | Found Fuggits's General Store.
  3995 | D:4      | Noticed an ice beast
  4010 | D:4      | Killed an ice beast
  4010 | D:4      | Reached skill level 5 in Axes
  4010 | D:4      | Reached XP level 6. HP: 31/56 MP: 4/6
  4387 | D:4      | Found a burning altar of Makhleb.
  4407 | D:4      | Reached XP level 7. HP: 57/63 MP: 7/7
  4413 | D:4      | Became a worshipper of Makhleb the Destroyer
  4787 | D:4      | Found a snail-covered altar of Cheibriados.
  4940 | D:4      | Got a crystal whip
  4978 | D:4      | Found a runed translucent door.
  4979 | D:4      | Noticed Crazy Yiuf
  5092 | D:4      | Found an ancient bone altar of Kikubaaqudgha.
  5145 | D:4      | Killed Crazy Yiuf
  5250 | D:5      | Entered Level 5 of the Dungeon
  5262 | D:5      | Reached skill level 5 in Armour
  5595 | D:5      | Reached skill level 5 in Shields
  5595 | D:5      | Reached XP level 8. HP: 41/73 MP: 3/8
  5817 | D:5      | Noticed Sigmund
  5824 | D:5      | Reached * piety under Makhleb
  5855 | D:5      | Killed Sigmund
  6258 | D:5      | Found Piwkoniaxt's Book Shop.
  6648 | D:6      | Found a radiant altar of Vehumet.
  6704 | D:6      | Found a white marble altar of Elyvilon.
  6871 | D:6      | Slain by an orc warrior

Skill      XL: |  1  2  3  4  5  6  7  8 |
---------------+-------------------------+-----
Axes           | 3 4 5 7 8 |  8.3
Fighting       | 4 5 6 7 8 |  8.0
Armour         | 4 5 |  5.7
Shields        | 4 5 |  5.6

Action                   |  1- 3 |  4- 6 |  7- 9 || total
-------------------------+-------+-------+-------++-------
Melee: War axe           |    92 |   224 |   202 ||   518
  Eat: Ration            |     1 |     3 |     2 ||     6
       Chunk             |       |       |     1 ||     1
Armor: Scale mail        |    71 |   120 |    35 ||   226
       Plate armour      |       |       |    56 ||    56
Dodge: Dodged            |    39 |    91 |    48 ||   178
Block: Shield            |    63 |   143 |   102 ||   308
